 Dungeon Crawl Stone Soup version 0.25-a0-782-g655279ceaa (webtiles) character file.

Game seed: 10896764587060570201, levelgen mode: deterministic

64 magipi the Chucker (level 3, -1/31 HPs)
             Began as a Draconian Hunter on Apr 16, 2020.
             Was an Initiate of Okawaru.
             Succumbed to Sigmund's poison
             ... on level 2 of the Dungeon.
             The game lasted 00:05:46 (2076 turns).

magipi the Chucker (Draconian Hunter)               Turns: 2076, Time: 00:05:47

Health: -1/31      AC:  5    Str: 14    XL:     3   Next: 91%
Magic:  3/3        EV: 12    Int: 11    God:    Okawaru [......]
Gold:   112        SH:  0    Dex: 12    Spells: 2/2 levels left

rFire    . . .     SeeInvis .   a - +1 dagger (protect)
rCold    . . .     Gourm    .   (no shield)
rNeg     . . .     Faith    .   (armour unavailable)
rPois    .         Spirit   .   (helmet restricted)
rElec    .         Reflect  .   (no cloak)
rCorr    .         Harm     .   (no gloves)
MR       .....                  (no boots)
Stlth    +.........             (no amulet)
HPRegen  0.10/turn              (no ring)
MPRegen  0.08/turn              (no ring)

@: lethally poisoned (-1 -> -18)
A: unfitting armour, cold-blooded, AC +5
a: Renounce Religion


You were on level 2 of the Dungeon.
You worshipped Okawaru.
Okawaru was noncommittal.
You were not hungry.

You visited 1 branch of the dungeon, and saw 2 of its levels.

You collected 112 gold pieces.

Inventory:

Hand Weapons
 a - a +1 dagger of protection (weapon)
   (You took it off a goblin on level 1 of the Dungeon)
 h - a +0 short sword
Missiles
 b - 5 javelins (quivered)
 c - 2 throwing nets
 s - 4 boomerangs
Jewellery
 g - a +3 ring of dexterity {unknown}
   (You found it on level 1 of the Dungeon)
 m - an uncursed ring of magical power {unknown}
   (You found it on level 2 of the Dungeon)
Scrolls
 e - 2 scrolls of identify {unknown}
 i - a scroll of remove curse {unknown}
 j - a scroll of noise {unknown}
 l - a scroll of magic mapping {unknown}
 o - a scroll of amnesia {unknown}
 p - a scroll of enchant armour {unknown}
 r - a scroll of blinking {unknown}
Potions
 f - 3 potions of lignification {unknown}
 k - 2 potions of curing
 n - a potion of flight {unknown}
Comestibles
 d - 4 rations
 q - 3 chunks of flesh


   Skills:
 + Level 3.0 Fighting
 * Level 4.4 Throwing
 + Level 2.4 Dodging
 - Level 0.8 Stealth


You had 2 spell levels left.
You didn't know any spells.
Your spell library was empty.

Dungeon Overview and Level Annotations

Branches:
Dungeon (2/15)

Altars:
Nemelex Xobeh
Okawaru
Ru
Sif Muna
Xom

Annotations:
D:2 Robin, Sigmund


Innate Abilities, Weirdness & Mutations

Your plain brown scales are hard. (AC +5)
You cannot fit into any form of body armour.
You are cold-blooded and may be slowed by cold attacks.


Message History

Robin roars a battlecry!
You hear a shout! x3
Sigmund casts a spell.
Sigmund flickers and vanishes!
Deactivating autopickup; reactivate with Ctrl-A.
A hobgoblin comes into view.
It is wielding a +0 club. 2 hobgoblins come into view.
The hobgoblin shouts! x2; You hear a shout!
The goblin shouts!
You hear a shout! x2
A goblin comes into view. It is wielding a +0 dagger.
Robin barely misses you. 3 goblins come into view.
The goblin shouts!
The hobgoblin shouts!
The goblin moves out of view.
You hear a shout!
The hobgoblin no longer looks unusually strong.
The goblin no longer looks unusually strong. x2
The hobgoblin no longer looks unusually strong.
The goblin no longer looks unusually strong.
Robin throws the goblin at you!
You hit the goblin but do no damage.
Your weapon exudes an aura of protection.
The goblin no longer looks unusually strong.
The goblin closely misses you.
You closely miss the goblin. The goblin barely misses you.
Robin says, "Duck!"
Unknown command.
You hit the goblin.
The goblin is severely wounded.
The goblin hits you but does no damage.
Robin roars a battlecry!
The goblins go into a battle-frenzy!
A magic dart appears from out of thin air!
The magic dart hits you but does no damage.
You hit the goblin.
You kill the goblin!
Okawaru accepts your kill.
The goblin no longer looks unusually strong.
Something hits you but does no damage.
You are poisoned.
Robin closely misses you. The hobgoblin barely misses you.
You feel sick.
You see here a cursed +0 club.
Press: ? - help, v - describe, . - travel
Here: Robin, wielding a +0 club, wearing a +0 animal skin and wearing a cursed -2 helmet The floor.
Unknown command.
You hit Robin but do no damage.
Your tail-slap misses Robin.
You feel sick. Robin barely misses you.
You barely miss Robin. You tail-slap Robin.
Robin is moderately wounded.
You feel sick. Something hits you but does no damage.
You are more poisoned.
Robin roars a battlecry!
You hit Robin but do no damage. You tail-slap Robin, but do no damage.
Robin is moderately wounded.
You feel sick. Something hits you. Robin barely misses you.
Unknown command.
Unknown command.
You hit Robin.
Robin is heavily wounded.
You feel sick.
Unknown command.
You hit Robin.
Your tail-slap misses Robin.
Robin is almost dead.
You feel sick. Robin completely misses you. Something hits you.
Unknown command.
You feel sick.
You feel sick.
Robin says, "Feeling lonely?"
Robin barely misses you.
You feel sick.
You feel sick.
Robin roars a battlecry!
You feel sick.
You feel sick.
You feel sick.
Robin roars a battlecry!
A frilled lizard comes into view.
You barely miss the frilled lizard.
The frilled lizard hisses angrily.
Your tail-slap misses the frilled lizard.
You feel sick. The frilled lizard closely misses you.
Robin throws the goblin at you!
Unknown command.
Unknown command.
The goblin no longer looks unusually strong.
You hear some strange, mumbled words.
Something tries to affect you, but you resist.
You feel sick.
Robin roars a battlecry!
The goblins go into a battle-frenzy!
Something hits you!
* * * LOW HITPOINT WARNING * * *
You are more poisoned.
* * * LOW HITPOINT WARNING * * *
You feel sick.
* * * LOW HITPOINT WARNING * * *
You feel sick. Robin throws the goblin at you!
The goblin hits you but does no damage.
You die...

######.....+ . ##
#..........########.###########.
#.###......##b.<....(......#....
#...............................
###.##.####...###########...####.
...>......+.#.....)...........###
######.#+#.#.#.######.......#..#.
#.......#...#.## #.#.....#ggg.
#.###..#.....#@## #.#.....#gg.g #
#..#.≈≈≈.#g.###.#.#...#g#..
#..#≈...≈#..l.#.#.....#)#..
#..#≈w_.≈#.##.#.......#g##. ####
###.#≈...≈#.##.gggg.........
...###.#)#.≈≈≈.#....gg...g....###
...'...#.#.....#..#############
...###.#..#...#...#..... ...#
#.#...#.#.'.........


You could see Robin, 2 hobgoblins, 2 goblins and a frilled lizard.

Vanquished Creatures
  An adder (D:2)
  3 oozes
  A dart slug (D:1)
  A giant cockroach (D:1)
  9 goblins
  9 hobgoblins
  2 jackals (D:2)
  3 kobolds (D:1)
  A ball python (D:2)
  2 bats
  3 frilled lizards
  3 rats (D:1)
38 creatures vanquished.

Notes
Turn   | Place    | Note
-------+----------+-------------------------------------------
     0 | D:1      | magipi the Draconian Hunter began the quest for the Orb.
     0 | D:1      | Reached XP level 1. HP: 17/17 MP: 1/1
    97 | D:1      | Reached XP level 2. HP: 14/25 MP: 2/2
   161 | D:1      | Reached skill level 4 in Throwing
  1219 | D:2      | Found a shimmering blue altar of Sif Muna.
  1220 | D:2      | Found a shimmering altar of Xom.
  1222 | D:2      | Found a sparkling altar of Nemelex Xobeh.
  1222 | D:2      | Found an iron altar of Okawaru.
  1230 | D:2      | Became a worshipper of Warmaster Okawaru
  1244 | D:2      | Reached XP level 3. HP: 24/30 MP: 3/3
  1436 | D:2      | Found a sacrificial altar of Ru.
  1626 | D:2      | Noticed Sigmund
  2031 | D:2      | Noticed Robin
  2075 | D:2      | HP: 1/31 [poisoned by Sigmund]
  2076 | D:2      | Succumbed to Sigmund's poison

Levels and vault maps discovered:
D:1:      minmay_arrival_diagonal_passages, layout_basic, minmay_tetromino_s4
D:2:      layout_basic, nicolae_ru_awakened_eye, nicolae_overflow_crystal_walls,
          grunt_temple_overflow_open, bh_walls_and_bars, uniq_natasha,
          uniq_robin, uniq_sigmund

Skill      XL: |  1  2  3 |
---------------+----------+-----
Dodging        | 2 |  2.4
Throwing       | 4 |  4.4
Fighting       | 3 |  3.0
Stealth        | |  0.8

Action                   || total
-------------------------++-------
Melee: Short sword       ||    40
       Dagger            ||   102
       Tailslap          ||    13
Throw: Javelin           ||     6
  Eat: Chunk             ||     4
Armor: Skin              ||    64
Dodge: Dodged            ||   120

Table legend:
 A = Non-vault XP
 B = Vault XP
 C = Vault XP percentage of total XP
 D = Non-vault monster count
 E = Vault monster count
 F = Vault count percentage of total count
                 A         B        C        D         E       F
            +---------+---------+-------+---------+---------+-------
      Total |      80 |      12 |  13.0 |      32 |       6 |  15.8
            +---------+---------+-------+---------+---------+-------
        D:1 |      36 |       4 |  10.0 |      19 |       2 |   9.5
        D:2 |      44 |       8 |  15.4 |      13 |       4 |  23.5
            +---------+---------+-------+---------+---------+-------

Action                   || total
-------------------------++-------
Melee: Short sword       ||    40
       Dagger            ||   102
       Tailslap          ||    13
Throw: Javelin           ||     6
  Eat: Chunk             ||     4
Armor: Skin              ||    64
Dodge: Dodged            ||   120
